[Event "11th Arad Open 2018"]
[Site "Arad"]
[Date "2018.08.05"]
[Round "1"]
[White "Roubalik, Jakub"]
[Black "Martinenco, Sergiu"]
[Result "1-0"]
[ECO "D37"]
[WhiteElo "2402"]
[BlackElo "1857"]
[Annotator "NA"]
[PlyCount "81"]
[EventDate "2018.08.05"]
[EventType "swiss"]
[EventCountry "ROU"]
[SourceTitle "playchess.com"]
[Source "ChessBase"]
[SourceQuality "1"]
[TimeControl "40/5400+30:1800+30"]

1. d4 Nf6 2. c4 e6 3. Nf3 d5 4. Nc3 Be7 5. Bg5 O-O 6. Qc2 b6 7. cxd5 Nxd5 8. Bxe7 Qxe7 9. Nxd5 exd5 10. e3 c5 11. Bd3 g6 12. dxc5 bxc5 13. O-O Nd7 14. Rac1 Bb7 15. Rfe1 f5 16. Bb5 Rac8 17. Qa4 Nf6 18. Qxa7 Ne4 19. Ba6 Rc7 20. Bxb7 Rxb7 21. Qa3 Rfb8 22. b3 Ra7 23. Qb2 Rba8 24. Ra1 Ra6 25. Red1 Rd6 26. Qc2 Qg7 27. Rac1 Rad8 28. Nd2 c4 29. Nxe4 cxb3 30. Qxb3 fxe4 31. Rd4 Qd7 32. Rxe4 Rb6 33. Qxb6 dxe4 34. Qb3+ Kg7 35. Qc3+ Kh6 36. h3 Qd3 37. Qf6 Rd7 38. Qf8+ Kh5 39. g4+ Kg5 40. Qf4+ Kh4 41. Qh6# 1-0

[Event "11th Arad Open 2018"]
[Site "Arad"]
[Date "2018.08.05"]
[Round "1"]
[White "Macovei, Andrei"]
[Black "Pop, Laurentius Onyx"]
[Result "1-0"]
[ECO "C65"]
[WhiteElo "2394"]
[BlackElo "1852"]
[Annotator "NA"]
[PlyCount "71"]
[EventDate "2018.08.05"]
[EventType "swiss"]
[EventCountry "ROU"]
[SourceTitle "playchess.com"]
[Source "ChessBase"]
[SourceQuality "1"]
[TimeControl "40/5400+30:1800+30"]

1. e4 e5 2. Nf3 Nc6 3. Bb5 Nf6 4. d3 Bc5 5. c3 d6 6. O-O O-O 7. Nbd2 Bd7 8. h3 Bb6 9. Re1 Ne7 10. Bc4 c6 11. Nf1 Ng6 12. Bb3 h6 13. Ng3 Re8 14. d4 Qc7 15. Be3 Be6 16. Bc2 Rad8 17. Qc1 Kh7 18. a4 a5 19. Nf5 Bxf5 20. exf5 Nf8 21. dxe5 Bxe3 22. Qxe3 dxe5 23. Nxe5 Rd5 24. f4 N8d7 25. c4 Rc5 26. Qf2 b6 27. Nxf7 Rxe1+ 28. Rxe1 Rxc4 29. Ne5 Rb4 30. Qg3 Nf8 31. Ng6 Nxg6 32. Qxg6+ Kh8 33. Re8+ Nxe8 34. Qxe8+ Kh7 35. f6+ g6 36. Bxg6# 1-0

[Event "11th Arad Open 2018"]
[Site "Arad"]
[Date "2018.08.05"]
[Round "1"]
[White "Soltanici, Ruslan"]
[Black "Baibarac, Niculae"]
[Result "1-0"]
[ECO "C78"]
[WhiteElo "2383"]
[BlackElo "1836"]
[Annotator "NA"]
[PlyCount "95"]
[EventDate "2018.08.05"]
[EventType "swiss"]
[EventCountry "ROU"]
[SourceTitle "playchess.com"]
[Source "ChessBase"]
[SourceQuality "1"]
[TimeControl "40/5400+30:1800+30"]

1. e4 e5 2. Nf3 Nc6 3. Bb5 a6 4. Ba4 Nf6 5. O-O b5 6. Bb3 d6 7. c3 Be7 8. d4 Bg4 9. Be3 Na5 10. Bc2 Nc4 11. Bc1 O-O 12. b3 Nb6 13. dxe5 Bxf3 14. Qxf3 dxe5 15. Rd1 Qc8 16. Nd2 c5 17. Nf1 Rd8 18. Rxd8+ Qxd8 19. Ne3 g6 20. a4 Qc7 21. Qe2 Qc6 22. c4 b4 23. Bb2 Nbd7 24. Rd1 Qe6 25. g3 Rd8 26. Kg2 Nb8 27. Nd5 Nc6 28. f4 Nd4 29. Bxd4 exd4 30. Qf3 Kg7 31. Bd3 Bf8 32. e5 Nxd5 33. cxd5 Qxd5 34. Qxd5 Rxd5 35. Bxa6 Rd7 36. Bc4 Ra7 37. Kf3 Be7 38. Ke4 f5+ 39. exf6+ Kxf6 40. Kd5 Bf8 41. Kc6 Be7 42. Re1 Ra5 43. Kb7 Bf8 44. Re8 Be7 45. Kb6 Rxa4 46. bxa4 b3 47. Bxb3 d3 48. Rxe7 1-0

[Event "11th Arad Open 2018"]
[Site "Arad"]
[Date "2018.08.05"]
[Round "1"]
[White "Peptan, Corina Isabela"]
[Black "Brosman, Alexandru"]
[Result "1-0"]
[ECO "E12"]
[WhiteElo "2380"]
[BlackElo "1826"]
[Annotator "NA"]
[PlyCount "73"]
[EventDate "2018.08.05"]
[EventType "swiss"]
[EventCountry "ROU"]
[SourceTitle "playchess.com"]
[Source "ChessBase"]
[SourceQuality "1"]
[TimeControl "40/5400+30:1800+30"]

1. d4 Nf6 2. c4 e6 3. Nf3 b6 4. a3 Bb7 5. Nc3 d5 6. Bg5 Be7 7. e3 O-O 8. Rc1 h6 9. Bxf6 Bxf6 10. cxd5 exd5 11. Be2 c6 12. O-O Re8 13. Qc2 Qe7 14. Rfd1 b5 15. Bd3 g5 16. Ne2 Nd7 17. Ng3 Bg7 18. Nf5 Qf6 19. e4 dxe4 20. Bxe4 Rac8 21. Nxg7 Kxg7 22. h3 Nf8 23. Ne5 Rc7 24. Bf3 Ne6 25. Ng4 Qf4 26. Qc3 f6 27. g3 Qf5 28. Bg2 Qg6 29. d5 cxd5 30. Qxc7+ Nxc7 31. Rxc7+ Kh8 32. Rxb7 Rd8 33. Rxd5 Rxd5 34. Bxd5 f5 35. Ne5 Qh5 36. Kg2 Qd1 37. Ng6# 1-0

[Event "11th Arad Open 2018"]
[Site "Arad"]
[Date "2018.08.05"]
[Round "1"]
[White "Farkas, Gabor"]
[Black "Badelita, Beniamin"]
[Result "1-0"]
[ECO "B42"]
[WhiteElo "2366"]
[BlackElo "1817"]
[Annotator "NA"]
[PlyCount "82"]
[EventDate "2018.08.05"]
[EventType "swiss"]
[EventCountry "ROU"]
[SourceTitle "playchess.com"]
[Source "ChessBase"]
[SourceQuality "1"]
[TimeControl "40/5400+30:1800+30"]

1. e4 c5 2. Nf3 e6 3. d4 cxd4 4. Nxd4 a6 5. Bd3 Qc7 6. Nc3 Nf6 7. Qe2 Bc5 8. Nb3 Bb4 9. O-O Nc6 10. f4 b5 11. e5 Bxc3 12. bxc3 Nd5 13. c4 bxc4 14. Bxc4 Nce7 15. Ba3 Bb7 16. Bd3 Nc3 17. Qg4 h5 18. Qg5 Ncd5 19. c4 f6 20. Qg3 h4 21. Qf2 Nc3 22. Bd6 Qd8 23. Nc5 Bc6 24. Qc2 Qa5 25. Nb3 Qb6+ 26. Bc5 Qb7 27. Na5 Qc7 28. Nxc6 Qxc6 29. Bd4 f5 30. Bxc3 h3 31. Qf2 Ng6 32. g3 Kf7 33. Be2 Rac8 34. Rad1 Rh6 35. Rd4 Nh4 36. Bf3 Qa4 37. gxh4 Rxc4 38. h5 g6 39. Rxc4 Qxc4 40. Qd4 Qb5 41. a4 a5 1-0

[Event "11th Arad Open 2018"]
[Site "Arad"]
[Date "2018.08.05"]
[Round "1"]
[White "Balog, Imre"]
[Black "Ursente, Tudor Alexandru"]
[Result "1-0"]
[ECO "B40"]
[WhiteElo "1895"]
[BlackElo "1918"]
[Annotator "NA"]
[PlyCount "43"]
[EventDate "2018.08.05"]
[EventType "swiss"]
[EventCountry "ROU"]
[SourceTitle "playchess.com"]
[Source "ChessBase"]
[SourceQuality "1"]
[TimeControl "40/5400+30:1800+30"]

1. e4 c5 2. Nf3 e6 3. b3 d6 4. Bb2 Nc6 5. Bb5 Bd7 6. O-O Nf6 7. Re1 Be7 8. c3 a6 9. Bf1 O-O 10. d4 cxd4 11. cxd4 Rc8 12. Nc3 d5 13. e5 Ne8 14. Bd3 b5 15. Qd2 Qb6 16. Rad1 Na5 17. Qf4 b4 18. Ne2 Bb5 19. Bb1 Nc6 20. Ng3 a5 21. Nf5 Qd8 22. Nh6+ 1-0

[Event "11th Arad Open 2018"]
[Site "Arad"]
[Date "2018.08.05"]
[Round "1"]
[White "Dinca, Ovidiu"]
[Black "Secheres, Adrian Simion"]
[Result "0-1"]
[ECO "A48"]
[WhiteElo "1857"]
[BlackElo "2407"]
[Annotator "NA"]
[PlyCount "68"]
[EventDate "2018.08.05"]
[EventType "swiss"]
[EventCountry "ROU"]
[SourceTitle "playchess.com"]
[Source "ChessBase"]
[SourceQuality "1"]
[TimeControl "40/5400+30:1800+30"]

1. d4 Nf6 2. Nf3 g6 3. Bf4 Bg7 4. h3 O-O 5. e3 d6 6. Be2 c5 7. c3 b6 8. O-O Bb7 9. Nbd2 Nbd7 10. Bh2 a6 11. a4 Ra7 12. Re1 Qa8 13. Bf1 Re8 14. Nc4 Bc6 15. Nfd2 cxd4 16. exd4 b5 17. axb5 axb5 18. Ne3 Nb6 19. Rxa7 Qxa7 20. b3 Nbd5 21. Qc2 Nxe3 22. fxe3 e5 23. Qc1 Bh6 24. Kh1 exd4 25. exd4 Qa2 26. Rd1 Ne4 27. Nxe4 Bxc1 28. Nf6+ Kh8 29. Nxe8 Qc2 30. Re1 Bd2 31. Re7 Qc1 32. Rxf7 Bxe8 33. Rf8+ Kg7 34. Bxd6 Bf7 0-1

[Event "11th Arad Open 2018"]
[Site "Arad"]
[Date "2018.08.05"]
[Round "1"]
[White "Bartha, Andrei"]
[Black "Abramovic, Bosko"]
[Result "0-1"]
[ECO "B28"]
[WhiteElo "1854"]
[BlackElo "2400"]
[Annotator "NA"]
[PlyCount "66"]
[EventDate "2018.08.05"]
[EventType "swiss"]
[EventCountry "ROU"]
[SourceTitle "playchess.com"]
[Source "ChessBase"]
[SourceQuality "1"]
[TimeControl "40/5400+30:1800+30"]

1. e4 c5 2. Nf3 a6 3. d4 cxd4 4. Nxd4 e5 5. Nf3 Nc6 6. Nc3 Bb4 7. Bc4 Nf6 8. O-O d6 9. Nd5 Nxd5 10. Bxd5 O-O 11. c3 Bc5 12. Bg5 Qc7 13. b4 Ba7 14. h3 Ne7 15. Bxe7 Qxe7 16. Qd2 h6 17. Rfd1 Kh8 18. Qd3 f5 19. Rd2 g5 20. exf5 Bxf5 21. Be4 Bxe4 22. Qxe4 Rf4 23. Qd5 Rf6 24. Nh2 h5 25. Re1 Raf8 26. Ree2 Qh7 27. Nf1 g4 28. hxg4 hxg4 29. Ng3 Qh4 30. Qd3 Rh6 31. Re1 e4 32. Rxe4 Qh2+ 33. Kf1 Qh1+ 0-1

[Event "11th Arad Open 2018"]
[Site "Arad"]
[Date "2018.08.05"]
[Round "1"]
[White "Verbin, Valentina"]
[Black "Stoleriu, George"]
[Result "0-1"]
[ECO "B18"]
[WhiteElo "1838"]
[BlackElo "2392"]
[Annotator "NA"]
[PlyCount "156"]
[EventDate "2018.08.05"]
[EventType "swiss"]
[EventCountry "ROU"]
[SourceTitle "playchess.com"]
[Source "ChessBase"]
[SourceQuality "1"]
[TimeControl "40/5400+30:1800+30"]

1. e4 c6 2. d4 d5 3. Nc3 dxe4 4. Nxe4 Bf5 5. Ng3 Bg6 6. h4 h6 7. h5 Bh7 8. Nf3 Nd7 9. Bd3 Bxd3 10. Qxd3 e6 11. Bf4 Qa5+ 12. Bd2 Qc7 13. O-O-O Ngf6 14. Kb1 O-O-O 15. c4 Bd6 16. Ne4 Nxe4 17. Qxe4 Nf6 18. Qe2 Rhe8 19. Bc3 Kb8 20. g3 Ka8 21. Rh4 c5 22. dxc5 Bxc5 23. Be5 Rxd1+ 24. Qxd1 Rd8 25. Qe2 Qb6 26. Bxf6 gxf6 27. Rh2 Qd6 28. Kc2 Qa6 29. Kb1 Qd6 30. Kc2 Qd7 31. Rh1 e5 32. Nd2 Bb4 33. Rd1 a6 34. Nb3 Qf5+ 35. Kc1 Qg5+ 36. Kc2 Qf5+ 37. Kc1 Rc8 38. a3 Be7 39. Rd5 Bd8 40. c5 Be7 41. f4 Qe6 42. Qd2 e4 43. f5 Qc6 44. Na5 e3 45. Qd3 e2 46. Kd2 Qa4 47. Nb3 Bxc5 48. Rd8 Rxd8 49. Qxd8+ Ka7 50. Qd5 Bb6 51. Kxe2 Qg4+ 52. Qf3 Qc4+ 53. Qd3 Qc6 54. Nd2 Qg2+ 55. Kd1 Qh1+ 56. Kc2 Qxh5 57. Nc4 Qh2+ 58. Kb3 Bf2 59. g4 Qc7 60. Ka2 Bc5 61. Nd2 Bd6 62. Nc4 Be5 63. Qe3+ b6 64. Nxe5 fxe5 65. Qxh6 Qc4+ 66. Ka1 Qxg4 67. f6 Qd1+ 68. Ka2 Qd5+ 69. Ka1 Qe6 70. Qh8 Kb7 71. Qd8 Kc6 72. Qa8+ Kc5 73. Qd8 e4 74. Qf8+ Kd4 75. Qg7 e3 76. Qg5 Kd3 77. Qh4 Qf5 78. Qe1 Qxf6 0-1

[Event "11th Arad Open 2018"]
[Site "Arad"]
[Date "2018.08.05"]
[Round "1"]
[White "Ion, Dragos Cosmin"]
[Black "Bogdan, Dan"]
[Result "0-1"]
[ECO "B36"]
[WhiteElo "1836"]
[BlackElo "2382"]
[Annotator "NA"]
[PlyCount "76"]
[EventDate "2018.08.05"]
[EventType "swiss"]
[EventCountry "ROU"]
[SourceTitle "playchess.com"]
[Source "ChessBase"]
[SourceQuality "1"]
[TimeControl "40/5400+30:1800+30"]

1. e4 c5 2. Nf3 Nc6 3. d4 cxd4 4. Nxd4 g6 5. c4 Nf6 6. Nc3 d6 7. Be2 Nxd4 8. Qxd4 Bg7 9. Be3 O-O 10. Qd2 a5 11. f3 a4 12. O-O Qa5 13. Rab1 Be6 14. b4 axb3 15. axb3 Qb4 16. Rfd1 Rfc8 17. Nb5 Qxd2 18. Rxd2 Nd7 19. f4 Nc5 20. Bf3 Rab8 21. Na7 Rd8 22. g4 Bc3 23. Rdd1 Bb4 24. Nb5 Bd7 25. Nd4 b6 26. Bd2 Bxd2 27. Rxd2 e5 28. Ne2 Bc6 29. Nc3 exf4 30. Nd5 Bxd5 31. Rxd5 Kf8 32. b4 Nd7 33. Rxd6 Ne5 34. Rxd8+ Rxd8 35. Be2 Rd2 36. c5 bxc5 37. b5 Rxe2 38. b6 Nd7 0-1

[Event "11th Arad Open 2018"]
[Site "Arad"]
[Date "2018.08.05"]
[Round "1"]
[White "Balan, Briana Cleopatra"]
[Black "Baratosi, Daniel"]
[Result "0-1"]
[ECO "B22"]
[WhiteElo "1821"]
[BlackElo "2371"]
[Annotator "NA"]
[PlyCount "58"]
[EventDate "2018.08.05"]
[EventType "swiss"]
[EventCountry "ROU"]
[SourceTitle "playchess.com"]
[Source "ChessBase"]
[SourceQuality "1"]
[TimeControl "40/5400+30:1800+30"]

1. e4 c5 2. c3 Nf6 3. e5 Nd5 4. d4 cxd4 5. cxd4 e6 6. Nf3 b6 7. Bc4 Bb7 8. O-O h6 9. Nbd2 Qc7 10. a3 g5 11. h3 Rg8 12. Nh2 d6 13. Ng4 Nd7 14. exd6 Bxd6 15. Ne4 Be7 16. Bxd5 Bxd5 17. Nc3 Bb7 18. d5 Rg6 19. Re1 a6 20. f3 h5 21. Nf2 Rd8 22. Nfe4 Ne5 23. Qe2 g4 24. hxg4 hxg4 25. f4 Nf3+ 26. Kf1 Nxe1 27. Qxe1 Bxd5 28. Be3 Bxe4 29. Nxe4 Qc4+ 0-1